Carolina Hurricanes vs New York Islanders

Created - mardi 8 janvier 2019 at 19:00

Goals
1 2 3 T
Carolina Hurricanes 1 2 1 4
New York Islanders 1 0 1 2
Shots
1 2 3 T
Carolina Hurricanes 5 8 11 24
New York Islanders 7 17 13 37

1st period

1. New York Islanders , Sam Reinhart 7 (Bryan Little 16) at 15:52 (PP)
2. Carolina Hurricanes , Jordan Staal 11 (Brett Pesce 8, Taylor Hall 22) at 18:00

Penalties :
Sebastian Aho (CAR) for High sticking (Minor) at 2:14, Frederik Andersen (CAR) for Slashing (Minor) at 15:22 - Sebastian Aho served the penalty

2nd period

3. Carolina Hurricanes , Sebastian Aho 9 (Taylor Hall 23, Evgenii Dadonov 14) at 8:32 (PP)
4. Carolina Hurricanes , Daniel Winnik 8 (Jannik Hansen 10, Casey Cizikas 6) at 9:46

Penalties :
Phillip Di Giuseppe (NYI) for Interference (Minor) at 6:49

3rd period

5. New York Islanders , Mikael Backlund 19 (Alex Galchenyuk 14, Derek Forbort 6) at 15:29
6. Carolina Hurricanes , Michael Grabner 16 (Elias Lindholm 9, Taylor Hall 24) at 19:03

Penalties :
Sven Baertschi (NYI) for High sticking (Minor) at 0:52, Mikael Backlund (NYI) for Holding (Minor) at 7:32

Goalie Stats

Frederik Andersen (CAR), 35 saves from 37 shots - (0.946), W, 12-9-1, 60:00 minutes
Martin Jones (NYI), 20 saves from 24 shots - (0.833), L, 21-16-2, 60:00 minutes

Players Stats for Carolina Hurricanes

Player Name              G  A  P  +/- PIM S  H  SB GA TA FO     MP     PP MP  PK MP  
------------------------------------------------------------------------------------
Brett Pesce              0  1  1   2  0   1  3  0  0  0  0/0    19:46   0:00   1:16 
Casey Cizikas            0  1  1   1  0   1  3  0  0  0  6/10   12:01   0:00   1:12 
Daniel Winnik            1  0  1   1  0   1  3  0  0  0  0/1    10:46   0:00   0:00 
Derek Ryan               0  0  0   1  0   1  2  0  1  0  0/0    13:37   0:00   0:00 
Elias Lindholm           0  1  1   1  0   0  3  0  0  1  11/20  19:11   2:34   1:17 
Eric Staal               0  0  0  -1  0   2  2  0  1  1  1/6    15:32   2:50   0:00 
Erik Johnson             0  0  0   0  0   2  2  0  0  0  0/0    21:24   0:00   1:13 
Evgenii Dadonov          0  1  1  -1  0   0  0  0  0  0  2/3    15:15   2:50   0:00 
Jaccob Slavin            0  0  0   2  0   2  0  1  0  1  0/0    21:52   2:57   1:16 
Jannik Hansen            0  1  1   1  0   0  4  0  0  0  0/0    10:46   0:00   0:00 
Jeff Skinner             0  0  0   1  0   3  1  2  2  1  0/0    14:03   0:26   0:00 
Jordan Staal             1  0  1   1  0   1  4  0  0  1  7/15   17:23   2:51   1:17 
Justin Faulk             0  0  0   0  0   1  3  3  0  0  0/0    16:23   2:44   0:00 
Michael Grabner          1  0  1   1  0   1  5  2  0  0  2/3    16:45   0:05   1:12 
Noah Hanifin             0  0  0   0  0   0  0  1  0  0  0/0    16:17   2:57   0:00 
Ryan Suter               0  0  0   0  0   0  0  0  1  0  0/0    23:36   2:44   1:13 
Sebastian Aho            1  0  1  -1  2   3  2  1  0  0  0/0    15:32   2:51   0:00 
Taylor Hall              0  3  3   1  0   5  1  0  1  0  0/1    17:21   2:36   0:00 

Players Stats for New York Islanders

Player Name              G  A  P  +/- PIM S  H  SB GA TA FO     MP     PP MP  PK MP  
------------------------------------------------------------------------------------
Alex Galchenyuk          0  1  1   0  0   1  3  0  2  0  0/2    17:35   1:07   1:01 
Anders Lee               0  0  0  -2  0   2  1  0  0  0  0/1    16:53   1:22   0:25 
Andrew MacDonald         0  0  0  -1  0   2  4  3  1  0  0/0    20:19   1:03   2:42 
Braydon Coburn           0  0  0  -1  0   1  2  3  0  0  0/0    19:45   0:00   2:42 
Bryan Little             0  1  1  -2  0   4  3  0  0  1  4/9    17:14   1:07   2:11 
Derek Forbort            0  1  1   0  0   4  1  3  1  1  0/0    23:30   1:03   2:59 
Josh Gorges              0  0  0  -1  0   0  3  0  0  0  0/0    14:57   0:00   0:00 
Kevin Shattenkirk        0  0  0  -1  0   0  0  3  0  0  0/0    16:17   1:26   0:00 
Kyle Okposo              0  0  0   0  0   4  0  0  0  1  1/1    13:21   0:00   0:00 
Mikael Backlund          1  0  1   0  2   4  1  0  0  1  14/22  17:13   1:22   1:58 
Mikko Rantanen           0  0  0  -2  0   4  2  0  0  0  1/2    17:22   1:22   1:04 
Nick Foligno             0  0  0   0  0   2  2  0  0  0  7/12   15:52   0:00   1:50 
Nikolay Kulemin          0  0  0   0  0   1  0  0  0  0  0/0    12:10   0:00   2:53 
Oliver Ekman-Larsson     0  0  0   0  0   3  3  3  0  2  0/0    24:14   1:26   2:59 
Phillip Di Giuseppe      0  0  0   0  2   3  1  0  1  0  1/1     9:16   0:00   0:00 
Sam Reinhart             1  0  1   0  0   2  2  0  0  0  1/1    15:00   1:07   0:00 
Sven Baertschi           0  0  0   0  2   0  3  0  0  0  0/2    14:01   0:00   0:00 
Tanner Fritz             0  0  0   0  0   0  5  1  0  0  1/6     9:17   0:00   0:00 

3 Stars

1 - Michael Grabner (CAR)
2 - Taylor Hall (CAR)
3 - Jordan Staal (CAR)

Power Play

Carolina Hurricanes - 1 on 3 Attempt(s) - 33.33%
New York Islanders - 1 on 2 Attempt(s) - 50.00%

Penalty Kill

Carolina Hurricanes - 1 on 2 Attempt(s) - 50.00% - Score 0 goal in Penalty Kill
New York Islanders - 2 on 3 Attempt(s) - 66.67% - Score 0 goal in Penalty Kill

Team Stat

Carolina Hurricanes - Hits : 38 - Faceoff Wins : 29 - Blocked Shots : 10 - Penalty Minutes : 4
New York Islanders - Hits : 36 - Faceoff Wins : 30 - Blocked Shots : 16 - Penalty Minutes : 6

Official

Referees : Chris Rooney and Brad Watson
Linesman : Steve Miller and Jonny Murray

Game Notes

No Game Note

Finance

Level 1 -- Attendance: 10000 (100.00%) -- Ticket Income fr. 800'000
Level 2 -- Attendance: 1801 (90.05%) -- Ticket Income fr. 117'065
Level 3 -- Attendance: 2794 (79.83%) -- Ticket Income fr. 97'790
Level 4 -- Attendance: 1450 (100.00%) -- Ticket Income fr. 29'000
Luxury Box -- Attendance: 50 (100.00%) -- Ticket Income fr. 10'000
Game was played at the Barclays Center.
Total Attendance: 16095 (94.68%)
Total Ticket Income: fr. 1'053'855
Total Income: fr. 1'053'855

Carolina Hurricanes

5 vs 5 Forward 
   Center                   Left Wing                Right Wing               Time % Phy DF OF 
 1 Elias Lindholm           Taylor Hall              Michael Grabner          30     0   0  5  
 2 Eric Staal               Sebastian Aho            Evgenii Dadonov          25     0   0  5  
 3 Jordan Staal             Jeff Skinner             Derek Ryan               25     0   2  3  
 4 Casey Cizikas            Daniel Winnik            Jannik Hansen            20     1   2  2  

5 vs 5 Defense 
   Defense                  Defense                                           Time % Phy DF OF 
 1 Ryan Suter               Erik Johnson                                      40     1   3  1  
 2 Jaccob Slavin            Brett Pesce                                       35     1   2  2  
 3 Justin Faulk             Noah Hanifin                                      25     1   2  2  
 4 Ryan Suter               Erik Johnson                                      0      1   2  2  

PowerPlay Forward 
   Center                   Left Wing                Right Wing               Time % Phy DF OF 
 1 Eric Staal               Taylor Hall              Evgenii Dadonov          50     0   0  5  
 2 Jordan Staal             Sebastian Aho            Elias Lindholm           50     0   0  5  

PowerPlay Defense
   Defense                  Defense                                           Time % Phy DF OF 
 1 Ryan Suter               Justin Faulk                                      50     0   1  4  
 2 Jaccob Slavin            Noah Hanifin                                      50     0   1  4  

Penalty Kill 4 Players Forward 
   Center                   Wing                     Time % Phy DF OF 
 1 Casey Cizikas            Michael Grabner          50     1   4  0  
 2 Jordan Staal             Elias Lindholm           50     0   5  0  

Penalty Kill 4 Players Defense
   Defense                  Defense                  Time % Phy DF OF 
 1 Ryan Suter               Erik Johnson             50     0   5  0  
 2 Jaccob Slavin            Brett Pesce              50     0   5  0  

Penalty Kill - 3 Players Forward 
   Forward                                           Time % Phy DF OF 
 1 Casey Cizikas                                     50     1   4  0  
 2 Jordan Staal                                      50     0   5  0  

Penalty Kill - 3 Players Defense
   Defense                  Defense                  Time % Phy DF OF 
 1 Ryan Suter               Erik Johnson             50     0   5  0  
 2 Jaccob Slavin            Brett Pesce              50     0   5  0  

4 vs 4 Forward 
   Center                   Wing                     Time % Phy DF OF 
 1 Elias Lindholm           Taylor Hall              50     0   3  2  
 2 Eric Staal               Evgenii Dadonov          50     0   3  2  

4 vs 4 Defense
   Defense                  Defense                  Time % Phy DF OF 
 1 Ryan Suter               Erik Johnson             50     0   4  1  
 2 Jaccob Slavin            Brett Pesce              50     0   4  1  

Last Minutes Offensive
   Center                   Left Wing                Right Wing               Defense                  Defense                  
   Eric Staal               Taylor Hall              Evgenii Dadonov          Ryan Suter               Erik Johnson             

Last Minutes Defensive
   Center                   Left Wing                Right Wing               Defense                  Defense                  
   Eric Staal               Taylor Hall              Evgenii Dadonov          Ryan Suter               Erik Johnson             

Goaltenders
Starting : Frederik Andersen        
Backup : Cam Ward                 

Extra Forwards
Normal : Jeff Skinner, Michael Grabner, Casey Cizikas - PP : Jeff Skinner, Michael Grabner - PK : Casey Cizikas
Extra Defensemen
Normal : Justin Faulk, Noah Hanifin, Jaccob Slavin - PP : Justin Faulk - PK : Noah Hanifin, Jaccob Slavin
Penalty Shots
Taylor Hall, Eric Staal, Derek Ryan, Evgenii Dadonov, Sebastian Aho
Custom OT Lines Forwards
Taylor Hall, Eric Staal, Jordan Staal, Evgenii Dadonov, Sebastian Aho, Jeff Skinner, Elias Lindholm, Michael Grabner, Casey Cizikas, Derek Ryan
Custom OT Lines Defensemen
Ryan Suter, Erik Johnson, Jaccob Slavin, Brett Pesce, Justin Faulk

Scratches
Victor Rask (Healthy), Casey DeSmith (Healthy)

New York Islanders

5 vs 5 Forward 
   Center                   Left Wing                Right Wing               Time % Phy DF OF 
 1 Bryan Little             Anders Lee               Mikko Rantanen           30     0   1  4  
 2 Mikael Backlund          Alex Galchenyuk          Sam Reinhart             30     0   2  3  
 3 Nick Foligno             Sven Baertschi           Kyle Okposo              25     1   2  2  
 4 Tanner Fritz             Phillip Di Giuseppe      Nikolay Kulemin          15     2   3  0  

5 vs 5 Defense 
   Defense                  Defense                                           Time % Phy DF OF 
 1 Oliver Ekman-Larsson     Derek Forbort                                     31     1   2  2  
 2 Andrew MacDonald         Braydon Coburn                                    31     1   2  2  
 3 Josh Gorges              Kevin Shattenkirk                                 28     1   3  1  
 4 Oliver Ekman-Larsson     Derek Forbort                                     10     2   3  0  

PowerPlay Forward 
   Center                   Left Wing                Right Wing               Time % Phy DF OF 
 1 Mikael Backlund          Anders Lee               Mikko Rantanen           55     0   0  5  
 2 Bryan Little             Alex Galchenyuk          Sam Reinhart             45     0   0  5  

PowerPlay Defense
   Defense                  Defense                                           Time % Phy DF OF 
 1 Oliver Ekman-Larsson     Kevin Shattenkirk                                 55     0   1  4  
 2 Derek Forbort            Andrew MacDonald                                  45     0   2  3  

Penalty Kill 4 Players Forward 
   Center                   Wing                     Time % Phy DF OF 
 1 Mikael Backlund          Nikolay Kulemin          55     0   5  0  
 2 Bryan Little             Nick Foligno             45     0   5  0  

Penalty Kill 4 Players Defense
   Defense                  Defense                  Time % Phy DF OF 
 1 Oliver Ekman-Larsson     Derek Forbort            55     0   5  0  
 2 Braydon Coburn           Andrew MacDonald         45     0   5  0  

Penalty Kill - 3 Players Forward 
   Forward                                           Time % Phy DF OF 
 1 Mikael Backlund                                   60     0   5  0  
 2 Nikolay Kulemin                                   40     0   5  0  

Penalty Kill - 3 Players Defense
   Defense                  Defense                  Time % Phy DF OF 
 1 Oliver Ekman-Larsson     Derek Forbort            60     0   5  0  
 2 Andrew MacDonald         Braydon Coburn           40     0   5  0  

4 vs 4 Forward 
   Center                   Wing                     Time % Phy DF OF 
 1 Bryan Little             Mikko Rantanen           55     0   2  3  
 2 Mikael Backlund          Anders Lee               45     0   2  3  

4 vs 4 Defense
   Defense                  Defense                  Time % Phy DF OF 
 1 Oliver Ekman-Larsson     Derek Forbort            55     0   3  2  
 2 Braydon Coburn           Andrew MacDonald         45     0   3  2  

Last Minutes Offensive
   Center                   Left Wing                Right Wing               Defense                  Defense                  
   Bryan Little             Anders Lee               Mikko Rantanen           Oliver Ekman-Larsson     Kevin Shattenkirk        

Last Minutes Defensive
   Center                   Left Wing                Right Wing               Defense                  Defense                  
   Mikael Backlund          Nick Foligno             Nikolay Kulemin          Oliver Ekman-Larsson     Andrew MacDonald         

Goaltenders
Starting : Martin Jones             
Backup : Christopher Gibson       

Extra Forwards
Normal : Mikko Rantanen, Mikael Backlund, Anders Lee - PP : Mikko Rantanen, Mikael Backlund - PK : Mikko Rantanen
Extra Defensemen
Normal : Oliver Ekman-Larsson, Derek Forbort, Kevin Shattenkirk - PP : Oliver Ekman-Larsson - PK : Oliver Ekman-Larsson, Derek Forbort
Penalty Shots
Sven Baertschi, Anders Lee, Mikko Rantanen, Sam Reinhart, Bryan Little
Custom OT Lines Forwards
Mikko Rantanen, Mikael Backlund, Anders Lee, Bryan Little, Alex Galchenyuk, Sam Reinhart, Kyle Okposo, Sven Baertschi, Nick Foligno, Nikolay Kulemin
Custom OT Lines Defensemen
Oliver Ekman-Larsson, Derek Forbort, Andrew MacDonald, Kevin Shattenkirk, Braydon Coburn

Scratches
Iiro Pakarinen (Healthy), Martin Marincin (Healthy)

% Time on Ice - Carolina Hurricanes

Lines # - Real PCT - Wanted PCT - Time Play
Normal Forward
1 - 28% - 30% - 14:45
2 - 25% - 25% - 12:42
3 - 26% - 25% - 13:37
4 - 21% - 20% - 10:46
Normal Defense
1 - 41% - 40% - 21:30
2 - 35% - 35% - 18:00
3 - 24% - 25% - 12:20
4 - 0% - 0% - 0:00
PP Forward
1 - 50% - 50% - 2:50
2 - 50% - 50% - 2:51
PP Defense
1 - 48% - 50% - 2:44
2 - 52% - 50% - 2:57
PK Forward
1 - 48% - 50% - 1:12
2 - 52% - 50% - 1:17
PK Defense
1 - 49% - 50% - 1:13
2 - 51% - 50% - 1:16
PK3 Forward
1 - 0% - 50%
2 - 0% - 50%
PK3 Defense
1 - 0% - 50%
2 - 0% - 50%
44 Forward
1 - 0% - 50%
2 - 0% - 50%
44 Defense
1 - 0% - 50%
2 - 0% - 50%
Last Minute Offensive  - 0:00
Last Minute Defensive  - 0:00
Total
Forward - 60:00
Defense - 60:00

% Time on Ice - New York Islanders

Lines # - Real PCT - Wanted PCT - Time Play
Normal Forward
1 - 28% - 30% - 14:38
2 - 28% - 30% - 14:34
3 - 26% - 25% - 13:21
4 - 18% - 15% - 9:17
Normal Defense
1 - 32% - 31% - 16:22
2 - 32% - 31% - 16:36
3 - 29% - 28% - 14:55
4 - 8% - 10% - 3:57
PP Forward
1 - 55% - 55% - 1:22
2 - 45% - 45% - 1:07
PP Defense
1 - 58% - 55% - 1:26
2 - 42% - 45% - 1:03
PK Forward
1 - 68% - 55% - 3:51
2 - 32% - 45% - 1:50
PK Defense
1 - 52% - 55% - 2:59
2 - 48% - 45% - 2:42
PK3 Forward
1 - 0% - 60%
2 - 0% - 40%
PK3 Defense
1 - 0% - 60%
2 - 0% - 40%
44 Forward
1 - 0% - 55%
2 - 0% - 45%
44 Defense
1 - 0% - 55%
2 - 0% - 45%
Last Minute Offensive  - 0:00
Last Minute Defensive  - 0:00
Total
Forward - 60:00
Defense - 60:00

Play-by-Play

1st period


0:01 of 1st period - Elias Lindholm wins face-off versus Bryan Little in neutral zone.
1:06 of 1st period - Wrist shot by Oliver Ekman-Larsson.
1:06 of 1st period - Shot Blocked by Justin Faulk.
1:08 of 1st period - Slapshot by Derek Forbort.
1:08 of 1st period - Shot Misses the Net.
1:12 of 1st period - Snap shot by Oliver Ekman-Larsson.
1:12 of 1st period - Stopped by Frederik Andersen without a rebound.
1:13 of 1st period - Elias Lindholm wins face-off versus Bryan Little in Carolina Hurricanes zone.
1:13 of 1st period - Taylor Hall is hit by Braydon Coburn and loses puck.
2:00 of 1st period - Slapshot by Nick Foligno.
2:00 of 1st period - Shot Misses the Net.
2:14 of 1st period - Minor Penalty to Sebastian Aho for High sticking.
2:15 of 1st period - Mikael Backlund wins face-off versus Casey Cizikas in Carolina Hurricanes zone.
2:40 of 1st period - Kevin Shattenkirk is hit by Jordan Staal and loses puck.
3:48 of 1st period - Icing by Mikko Rantanen.
3:49 of 1st period - Casey Cizikas wins face-off versus Mikael Backlund in New York Islanders zone.
3:58 of 1st period - Casey Cizikas is hit by Derek Forbort.
4:14 of 1st period - Penalty to Sebastian Aho is over, Sebastian Aho is back on ice.
4:28 of 1st period - Jordan Staal is hit by Sven Baertschi and loses puck.
4:55 of 1st period - Sebastian Aho is hit by Alex Galchenyuk and loses puck.
5:16 of 1st period - Andrew MacDonald is hit by Casey Cizikas and loses puck.
5:27 of 1st period - Tanner Fritz is hit by Justin Faulk and loses puck.
6:08 of 1st period - Michael Grabner is hit by Sven Baertschi and loses puck.
6:23 of 1st period - Derek Forbort is hit by Brett Pesce and loses puck.
7:10 of 1st period - Erik Johnson is hit by Andrew MacDonald and loses puck.
7:21 of 1st period - Wrist shot by Evgenii Dadonov.
7:21 of 1st period - Shot Misses the Net.
7:35 of 1st period - Jannik Hansen is hit by Bryan Little and loses puck.
7:42 of 1st period - Anders Lee is hit by Jannik Hansen and loses puck.
7:57 of 1st period - Braydon Coburn is hit by Derek Ryan and loses puck.
8:39 of 1st period - Slapshot by Kyle Okposo.
8:39 of 1st period - Stopped by Frederik Andersen with a rebound.
8:53 of 1st period - Jordan Staal is hit by Anders Lee and loses puck.
8:58 of 1st period - Snap shot by Anders Lee.
8:58 of 1st period - Shot Blocked by Jeff Skinner.
9:02 of 1st period - Slapshot by Mikko Rantanen.
9:02 of 1st period - Shot Blocked by Jeff Skinner.
9:12 of 1st period - Nikolay Kulemin is hit by Casey Cizikas and loses puck.
9:24 of 1st period - Phillip Di Giuseppe is hit by Daniel Winnik and loses puck.
9:37 of 1st period - Oliver Ekman-Larsson is hit by Brett Pesce and loses puck.
9:44 of 1st period - Elias Lindholm is hit by Mikael Backlund and loses puck.
9:53 of 1st period - Mikael Backlund is hit by Michael Grabner and loses puck.
10:04 of 1st period - Ryan Suter is hit by Josh Gorges.
10:08 of 1st period - Josh Gorges is hit by Eric Staal and loses puck.
10:15 of 1st period - Slapshot by Mikko Rantanen.
10:15 of 1st period - Shot Misses the Net.
10:21 of 1st period - Andrew MacDonald is hit by Jordan Staal and loses puck.
10:53 of 1st period - Erik Johnson is hit by Tanner Fritz and loses puck.
11:12 of 1st period - Snap shot by Jordan Staal.
11:12 of 1st period - Shot Misses the Net.
11:18 of 1st period - Brett Pesce is hit by Tanner Fritz and loses puck.
11:25 of 1st period - Wrist shot by Phillip Di Giuseppe.
11:25 of 1st period - Stopped by Frederik Andersen with a rebound.
11:37 of 1st period - Slapshot by Oliver Ekman-Larsson.
11:37 of 1st period - Shot Misses the Net.
11:39 of 1st period - Backhand shot by Derek Forbort.
11:39 of 1st period - Deflect By Jordan Staal.
11:39 of 1st period - Stopped by Frederik Andersen without a rebound.
11:40 of 1st period - Mikael Backlund wins face-off versus Casey Cizikas in Carolina Hurricanes zone.
12:05 of 1st period - Kyle Okposo is hit by Taylor Hall and loses puck.
12:24 of 1st period - Anders Lee is hit by Eric Staal and loses puck.
13:19 of 1st period - Wrist shot by Taylor Hall.
13:19 of 1st period - Stopped by Martin Jones with a rebound.
13:51 of 1st period - Ryan Suter is hit by Josh Gorges and loses puck.
14:12 of 1st period - Erik Johnson is hit by Nick Foligno and loses puck.
14:33 of 1st period - Bryan Little is hit by Daniel Winnik and loses puck.
15:20 of 1st period - Snap shot by Nick Foligno.
15:20 of 1st period - Shot Misses the Net.
15:22 of 1st period - Snap shot by Nick Foligno.
15:22 of 1st period - Stopped by Frederik Andersen without a rebound.
15:22 of 1st period - Minor Penalty to Frederik Andersen for Slashing.
15:23 of 1st period - Casey Cizikas wins face-off versus Mikael Backlund in Carolina Hurricanes zone.
15:52 of 1st period - Snap shot by Sam Reinhart.
15:52 of 1st period - Goal by Sam Reinhart - Carolina Hurricanes : 0 - New York Islanders : 1.
15:53 of 1st period - Michael Grabner wins face-off versus Mikko Rantanen in neutral zone.
16:33 of 1st period - Erik Johnson is hit by Sam Reinhart and loses puck.
17:09 of 1st period - Snap shot by Erik Johnson.
17:09 of 1st period - Shot Misses the Net.
17:23 of 1st period - Snap shot by Taylor Hall.
17:23 of 1st period - Stopped by Martin Jones without a rebound.
17:24 of 1st period - Bryan Little wins face-off versus Elias Lindholm in New York Islanders zone.
17:28 of 1st period - Off-side.
17:29 of 1st period - Mikael Backlund wins face-off versus Elias Lindholm in neutral zone.
17:56 of 1st period - Wrist shot by Taylor Hall.
17:56 of 1st period - Stopped by Martin Jones with a rebound.
17:58 of 1st period - Slapshot by Brett Pesce.
17:58 of 1st period - Shot Blocked by Derek Forbort.
18:00 of 1st period - Wrist shot by Jordan Staal.
18:00 of 1st period - Goal by Jordan Staal - Carolina Hurricanes : 1 - New York Islanders : 1.
18:01 of 1st period - Bryan Little wins face-off versus Elias Lindholm in neutral zone.
18:04 of 1st period - Taylor Hall is hit by Oliver Ekman-Larsson and loses puck.
18:16 of 1st period - Snap shot by Anders Lee.
18:16 of 1st period - Deflect By Mikko Rantanen.
18:16 of 1st period - Shot Misses the Net.
18:16 of 1st period - Puck is out of play.
18:17 of 1st period - Mikael Backlund wins face-off versus Jordan Staal in Carolina Hurricanes zone.
18:55 of 1st period - Wrist shot by Elias Lindholm.
18:55 of 1st period - Deflect By Taylor Hall.
18:55 of 1st period - Stopped by Martin Jones with a rebound.
18:57 of 1st period - Slapshot by Michael Grabner.
18:57 of 1st period - Shot Misses the Net.
19:29 of 1st period - Snap shot by Kyle Okposo.
19:29 of 1st period - Deflect By Eric Staal.
19:29 of 1st period - Stopped by Frederik Andersen without a rebound.
19:30 of 1st period - Nick Foligno wins face-off versus Eric Staal in Carolina Hurricanes zone.
19:31 of 1st period - Snap shot by Kyle Okposo.
19:31 of 1st period - Shot Blocked by Sebastian Aho.
Goals for this period are 1 for Carolina Hurricanes vs 1 for New York Islanders.
Shots for this period are 5 for Carolina Hurricanes vs 7 for New York Islanders.

2nd period


0:01 of 2nd period - Mikael Backlund wins face-off versus Elias Lindholm in neutral zone.
0:54 of 2nd period - Snap shot by Nick Foligno.
0:54 of 2nd period - Shot Misses the Net.
1:12 of 2nd period - Slapshot by Derek Forbort.
1:12 of 2nd period - Stopped by Frederik Andersen without a rebound.
1:13 of 2nd period - Casey Cizikas wins face-off versus Tanner Fritz in Carolina Hurricanes zone.
1:13 of 2nd period - Casey Cizikas is hit by Tanner Fritz.
1:18 of 2nd period - Off-side.
1:19 of 2nd period - Mikael Backlund wins face-off versus Elias Lindholm in neutral zone.
1:22 of 2nd period - Wrist shot by Mikael Backlund.
1:22 of 2nd period - Stopped by Frederik Andersen with a rebound.
1:24 of 2nd period - Slapshot by Kevin Shattenkirk.
1:24 of 2nd period - Shot Misses the Net.
1:26 of 2nd period - Snap shot by Mikael Backlund.
1:26 of 2nd period - Stopped by Frederik Andersen with a rebound.
1:28 of 2nd period - Wrist shot by Sam Reinhart.
1:28 of 2nd period - Stopped by Frederik Andersen with a rebound.
2:08 of 2nd period - Sebastian Aho is hit by Andrew MacDonald and loses puck.
2:17 of 2nd period - Wrist shot by Sebastian Aho.
2:17 of 2nd period - Stopped by Martin Jones with a rebound.
2:33 of 2nd period - Wrist shot by Casey Cizikas.
2:33 of 2nd period - Shot Blocked by Andrew MacDonald.
2:45 of 2nd period - Wrist shot by Mikko Rantanen.
2:45 of 2nd period - Shot Hit the Post.
2:47 of 2nd period - Slapshot by Andrew MacDonald.
2:47 of 2nd period - Deflect By Elias Lindholm.
2:47 of 2nd period - Stopped by Frederik Andersen with a rebound.
2:49 of 2nd period - Slapshot by Bryan Little.
2:49 of 2nd period - Shot Misses the Net.
2:51 of 2nd period - Snap shot by Bryan Little.
2:51 of 2nd period - Stopped by Frederik Andersen with a rebound.
2:53 of 2nd period - Snap shot by Anders Lee.
2:53 of 2nd period - Deflect By Bryan Little.
2:53 of 2nd period - Stopped by Frederik Andersen with a rebound.
2:55 of 2nd period - Snap shot by Mikko Rantanen.
2:55 of 2nd period - Shot Blocked by Michael Grabner.
2:57 of 2nd period - Slapshot by Anders Lee.
2:57 of 2nd period - Stopped by Frederik Andersen with a rebound.
2:59 of 2nd period - Slapshot by Braydon Coburn.
2:59 of 2nd period - Stopped by Frederik Andersen with a rebound.
3:01 of 2nd period - Slapshot by Mikko Rantanen.
3:01 of 2nd period - Shot Blocked by Noah Hanifin.
3:03 of 2nd period - Wrist shot by Bryan Little.
3:03 of 2nd period - Stopped by Frederik Andersen with a rebound.
3:05 of 2nd period - Slapshot by Andrew MacDonald.
3:05 of 2nd period - Stopped by Frederik Andersen with a rebound.
3:07 of 2nd period - Slapshot by Braydon Coburn.
3:07 of 2nd period - Shot Misses the Net.
3:09 of 2nd period - Wrist shot by Bryan Little.
3:09 of 2nd period - Stopped by Frederik Andersen without a rebound.
3:10 of 2nd period - Mikael Backlund wins face-off versus Jordan Staal in Carolina Hurricanes zone.
3:23 of 2nd period - Wrist shot by Alex Galchenyuk.
3:23 of 2nd period - Stopped by Frederik Andersen with a rebound.
3:25 of 2nd period - Snap shot by Oliver Ekman-Larsson.
3:25 of 2nd period - Shot Misses the Net.
3:56 of 2nd period - Wrist shot by Casey Cizikas.
3:56 of 2nd period - Deflect By Jannik Hansen.
3:56 of 2nd period - Shot Blocked by Kevin Shattenkirk.
3:56 of 2nd period - Puck is out of play.
3:57 of 2nd period - Casey Cizikas wins face-off versus Tanner Fritz in New York Islanders zone.
3:58 of 2nd period - Slapshot by Ryan Suter.
3:58 of 2nd period - Deflect By Daniel Winnik.
3:58 of 2nd period - Shot Misses the Net.
3:58 of 2nd period - Puck is out of play.
3:59 of 2nd period - Mikael Backlund wins face-off versus Daniel Winnik in New York Islanders zone.
5:14 of 2nd period - Brett Pesce is hit by Josh Gorges and loses puck.
5:35 of 2nd period - Alex Galchenyuk is hit by Jannik Hansen and loses puck.
5:48 of 2nd period - Kyle Okposo is hit by Justin Faulk and loses puck.
5:55 of 2nd period - Elias Lindholm is hit by Nick Foligno.
6:32 of 2nd period - Derek Forbort is hit by Sebastian Aho and loses puck.
6:41 of 2nd period - Wrist shot by Sebastian Aho.
6:41 of 2nd period - Shot Blocked by Oliver Ekman-Larsson.
6:43 of 2nd period - Snap shot by Jaccob Slavin.
6:43 of 2nd period - Shot Blocked by Tanner Fritz.
6:49 of 2nd period - Minor Penalty to Phillip Di Giuseppe for Interference.
6:50 of 2nd period - Mikael Backlund wins face-off versus Eric Staal in New York Islanders zone.
8:06 of 2nd period - Icing by Evgenii Dadonov.
8:07 of 2nd period - Mikael Backlund wins face-off versus Eric Staal in Carolina Hurricanes zone.
8:32 of 2nd period - Snap shot by Sebastian Aho.
8:32 of 2nd period - Goal by Sebastian Aho - Carolina Hurricanes : 2 - New York Islanders : 1.
8:33 of 2nd period - Elias Lindholm wins face-off versus Mikael Backlund in neutral zone.
8:46 of 2nd period - Snap shot by Alex Galchenyuk.
8:46 of 2nd period - Shot Misses the Net.
8:48 of 2nd period - Slapshot by Oliver Ekman-Larsson.
8:48 of 2nd period - Stopped by Frederik Andersen without a rebound.
8:49 of 2nd period - Bryan Little wins face-off versus Jordan Staal in Carolina Hurricanes zone.
9:04 of 2nd period - Andrew MacDonald is hit by Erik Johnson and loses puck.
9:28 of 2nd period - Slapshot by Oliver Ekman-Larsson.
9:28 of 2nd period - Shot Misses the Net.
9:42 of 2nd period - Wrist shot by Casey Cizikas.
9:42 of 2nd period - Stopped by Martin Jones without a rebound.
9:43 of 2nd period - Casey Cizikas wins face-off versus Mikael Backlund in New York Islanders zone.
9:46 of 2nd period - Wrist shot by Daniel Winnik.
9:46 of 2nd period - Goal by Daniel Winnik - Carolina Hurricanes : 3 - New York Islanders : 1.
9:47 of 2nd period - Elias Lindholm wins face-off versus Alex Galchenyuk in neutral zone.
9:47 of 2nd period - Elias Lindholm is hit by Oliver Ekman-Larsson.
9:57 of 2nd period - Backhand shot by Elias Lindholm.
9:57 of 2nd period - Shot Blocked by Oliver Ekman-Larsson.
9:59 of 2nd period - Slapshot by Brett Pesce.
9:59 of 2nd period - Deflect By Michael Grabner.
9:59 of 2nd period - Shot Misses the Net.
9:59 of 2nd period - Puck is out of play.
10:00 of 2nd period - Jordan Staal wins face-off versus Mikael Backlund in New York Islanders zone.
10:03 of 2nd period - Snap shot by Derek Ryan.
10:03 of 2nd period - Shot Misses the Net.
11:22 of 2nd period - Braydon Coburn is hit by Jeff Skinner.
11:26 of 2nd period - Alex Galchenyuk is hit by Justin Faulk and loses puck.
11:45 of 2nd period - Justin Faulk is hit by Sven Baertschi and loses puck.
12:04 of 2nd period - Snap shot by Elias Lindholm.
12:04 of 2nd period - Shot Misses the Net.
12:06 of 2nd period - Slapshot by Justin Faulk.
12:06 of 2nd period - Stopped by Martin Jones with a rebound.
12:08 of 2nd period - Snap shot by Michael Grabner.
12:08 of 2nd period - Shot Misses the Net.
12:22 of 2nd period - Brett Pesce is hit by Tanner Fritz and loses puck.
12:49 of 2nd period - Off-side.
12:50 of 2nd period - Kyle Okposo wins face-off versus Elias Lindholm in neutral zone.
12:55 of 2nd period - Icing by Michael Grabner.
12:56 of 2nd period - Elias Lindholm wins face-off versus Nick Foligno in Carolina Hurricanes zone.
13:48 of 2nd period - Snap shot by Eric Staal.
13:48 of 2nd period - Stopped by Martin Jones without a rebound.
13:49 of 2nd period - Nick Foligno wins face-off versus Michael Grabner in New York Islanders zone.
15:05 of 2nd period - Snap shot by Nick Foligno.
15:05 of 2nd period - Stopped by Frederik Andersen with a rebound.
15:17 of 2nd period - Taylor Hall is hit by Phillip Di Giuseppe.
15:23 of 2nd period - Backhand shot by Nikolay Kulemin.
15:23 of 2nd period - Stopped by Frederik Andersen without a rebound.
15:24 of 2nd period - Jordan Staal wins face-off versus Tanner Fritz in Carolina Hurricanes zone.
15:24 of 2nd period - Jordan Staal is hit by Braydon Coburn.
15:54 of 2nd period - Wrist shot by Alex Galchenyuk.
15:54 of 2nd period - Shot Blocked by Michael Grabner.
16:00 of 2nd period - Slapshot by Mikael Backlund.
16:00 of 2nd period - Shot Misses the Net.
16:14 of 2nd period - Backhand shot by Sebastian Aho.
16:14 of 2nd period - Shot Misses the Net.
16:40 of 2nd period - Backhand shot by Ryan Suter.
16:40 of 2nd period - Shot Misses the Net.
16:54 of 2nd period - Snap shot by Derek Ryan.
16:54 of 2nd period - Shot Blocked by Kevin Shattenkirk.
16:56 of 2nd period - Slapshot by Erik Johnson.
16:56 of 2nd period - Deflect By Kevin Shattenkirk.
16:56 of 2nd period - Stopped by Martin Jones with a rebound.
17:30 of 2nd period - Off-side.
17:31 of 2nd period - Eric Staal wins face-off versus Bryan Little in neutral zone.
17:34 of 2nd period - Bryan Little is hit by Brett Pesce and loses puck.
17:39 of 2nd period - Snap shot by Eric Staal.
17:39 of 2nd period - Shot Blocked by Braydon Coburn.
17:41 of 2nd period - Snap shot by Brett Pesce.
17:41 of 2nd period - Stopped by Martin Jones without a rebound.
17:42 of 2nd period - Elias Lindholm wins face-off versus Alex Galchenyuk in New York Islanders zone.
17:43 of 2nd period - Wrist shot by Taylor Hall.
17:43 of 2nd period - Shot Misses the Net.
17:51 of 2nd period - Wrist shot by Mikael Backlund.
17:51 of 2nd period - Shot Hit the Post.
18:07 of 2nd period - Mikko Rantanen is hit by Jordan Staal and loses puck.
19:17 of 2nd period - Josh Gorges is hit by Michael Grabner.
19:29 of 2nd period - Wrist shot by Mikko Rantanen.
19:29 of 2nd period - Stopped by Frederik Andersen without a rebound.
19:30 of 2nd period - Jordan Staal wins face-off versus Bryan Little in Carolina Hurricanes zone.
19:45 of 2nd period - Wrist shot by Jordan Staal.
19:45 of 2nd period - Shot Blocked by Derek Forbort.
19:55 of 2nd period - Oliver Ekman-Larsson is hit by Michael Grabner and loses puck.
Goals for this period are 2 for Carolina Hurricanes vs 0 for New York Islanders.
Shots for this period are 8 for Carolina Hurricanes vs 17 for New York Islanders.

3rd period


0:01 of 3rd period - Elias Lindholm wins face-off versus Mikael Backlund in neutral zone.
0:04 of 3rd period - Derek Forbort is hit by Michael Grabner and loses puck.
0:50 of 3rd period - Slapshot by Daniel Winnik.
0:50 of 3rd period - Shot Blocked by Andrew MacDonald.
0:52 of 3rd period - Minor Penalty to Sven Baertschi for High sticking.
0:53 of 3rd period - Mikael Backlund wins face-off versus Jordan Staal in New York Islanders zone.
0:58 of 3rd period - Slapshot by Derek Forbort.
0:58 of 3rd period - Shot Hit the Post.
1:00 of 3rd period - Wrist shot by Derek Forbort.
1:00 of 3rd period - Stopped by Frederik Andersen without a rebound.
1:01 of 3rd period - Mikael Backlund wins face-off versus Jordan Staal in Carolina Hurricanes zone.
2:22 of 3rd period - Mikael Backlund is hit by Elias Lindholm.
2:32 of 3rd period - Jordan Staal is hit by Alex Galchenyuk and loses puck.
2:52 of 3rd period - Penalty to Sven Baertschi is over, Sven Baertschi is back on ice.
3:05 of 3rd period - Bryan Little is hit by Jannik Hansen and loses puck.
4:08 of 3rd period - Snap shot by Mikko Rantanen.
4:08 of 3rd period - Stopped by Frederik Andersen without a rebound.
4:09 of 3rd period - Elias Lindholm wins face-off versus Anders Lee in Carolina Hurricanes zone.
4:09 of 3rd period - Elias Lindholm is hit by Mikko Rantanen.
4:16 of 3rd period - Justin Faulk is hit by Andrew MacDonald and loses puck.
4:47 of 3rd period - Alex Galchenyuk is hit by Jannik Hansen and loses puck.
5:12 of 3rd period - Wrist shot by Mikko Rantanen.
5:12 of 3rd period - Shot Blocked by Jaccob Slavin.
5:18 of 3rd period - Slapshot by Anders Lee.
5:18 of 3rd period - Stopped by Frederik Andersen with a rebound.
5:20 of 3rd period - Slapshot by Mikko Rantanen.
5:20 of 3rd period - Stopped by Frederik Andersen without a rebound.
5:21 of 3rd period - Nick Foligno wins face-off versus Elias Lindholm in Carolina Hurricanes zone.
5:22 of 3rd period - Wrist shot by Kyle Okposo.
5:22 of 3rd period - Stopped by Frederik Andersen without a rebound.
5:23 of 3rd period - Elias Lindholm wins face-off versus Nick Foligno in Carolina Hurricanes zone.
5:55 of 3rd period - Wrist shot by Phillip Di Giuseppe.
5:55 of 3rd period - Stopped by Frederik Andersen without a rebound.
5:56 of 3rd period - Tanner Fritz wins face-off versus Eric Staal in Carolina Hurricanes zone.
6:01 of 3rd period - Snap shot by Phillip Di Giuseppe.
6:01 of 3rd period - Stopped by Frederik Andersen with a rebound.
6:03 of 3rd period - Slapshot by Oliver Ekman-Larsson.
6:03 of 3rd period - Stopped by Frederik Andersen without a rebound.
6:04 of 3rd period - Evgenii Dadonov wins face-off versus Sven Baertschi in Carolina Hurricanes zone.
6:35 of 3rd period - Wrist shot by Mikko Rantanen.
6:35 of 3rd period - Stopped by Frederik Andersen without a rebound.
6:36 of 3rd period - Elias Lindholm wins face-off versus Mikael Backlund in Carolina Hurricanes zone.
6:40 of 3rd period - Ryan Suter is hit by Sam Reinhart and loses puck.
6:43 of 3rd period - Slapshot by Erik Johnson.
6:43 of 3rd period - Stopped by Martin Jones with a rebound.
6:45 of 3rd period - Slapshot by Erik Johnson.
6:45 of 3rd period - Deflect By Taylor Hall.
6:45 of 3rd period - Stopped by Martin Jones without a rebound.
6:46 of 3rd period - Mikael Backlund wins face-off versus Elias Lindholm in New York Islanders zone.
6:46 of 3rd period - Mikael Backlund is hit by Michael Grabner.
7:32 of 3rd period - Minor Penalty to Mikael Backlund for Holding.
7:33 of 3rd period - Mikko Rantanen wins face-off versus Taylor Hall in New York Islanders zone.
7:47 of 3rd period - Slapshot by Mikko Rantanen.
7:47 of 3rd period - Shot Misses the Net.
8:04 of 3rd period - Oliver Ekman-Larsson is hit by Elias Lindholm and loses puck.
9:32 of 3rd period - Penalty to Mikael Backlund is over, Mikael Backlund is back on ice.
10:13 of 3rd period - Daniel Winnik is hit by Alex Galchenyuk and loses puck.
10:24 of 3rd period - Elias Lindholm is hit by Mikko Rantanen and loses puck.
10:37 of 3rd period - Nick Foligno is hit by Jordan Staal.
10:54 of 3rd period - Josh Gorges is hit by Sebastian Aho and loses puck.
11:09 of 3rd period - Casey Cizikas is hit by Bryan Little and loses puck.
11:22 of 3rd period - Casey Cizikas is hit by Tanner Fritz and loses puck.
12:43 of 3rd period - Wrist shot by Eric Staal.
12:43 of 3rd period - Shot Blocked by Braydon Coburn.
12:45 of 3rd period - Snap shot by Sebastian Aho.
12:45 of 3rd period - Stopped by Martin Jones with a rebound.
13:09 of 3rd period - Icing by Josh Gorges.
13:10 of 3rd period - Michael Grabner wins face-off versus Bryan Little in New York Islanders zone.
13:15 of 3rd period - Wrist shot by Derek Ryan.
13:15 of 3rd period - Stopped by Martin Jones with a rebound.
13:21 of 3rd period - Jordan Staal is hit by Bryan Little.
13:29 of 3rd period - Jaccob Slavin is hit by Andrew MacDonald and loses puck.
13:37 of 3rd period - Off-side.
13:38 of 3rd period - Mikael Backlund wins face-off versus Eric Staal in neutral zone.
13:49 of 3rd period - Wrist shot by Evgenii Dadonov.
13:49 of 3rd period - Shot Blocked by Braydon Coburn.
13:51 of 3rd period - Slapshot by Erik Johnson.
13:51 of 3rd period - Deflect By Eric Staal.
13:51 of 3rd period - Shot Blocked by Andrew MacDonald.
13:51 of 3rd period - Puck is out of play.
13:52 of 3rd period - Elias Lindholm wins face-off versus Nick Foligno in New York Islanders zone.
14:04 of 3rd period - Off-side.
14:05 of 3rd period - Evgenii Dadonov wins face-off versus Mikael Backlund in neutral zone.
14:14 of 3rd period - Slapshot by Eric Staal.
14:14 of 3rd period - Stopped by Martin Jones without a rebound.
14:15 of 3rd period - Sam Reinhart wins face-off versus Evgenii Dadonov in New York Islanders zone.
14:28 of 3rd period - Snap shot by Mikael Backlund.
14:28 of 3rd period - Shot Misses the Net.
14:32 of 3rd period - Snap shot by Alex Galchenyuk.
14:32 of 3rd period - Shot Blocked by Justin Faulk.
14:34 of 3rd period - Slapshot by Oliver Ekman-Larsson.
14:34 of 3rd period - Shot Blocked by Justin Faulk.
14:41 of 3rd period - Noah Hanifin is hit by Oliver Ekman-Larsson.
15:19 of 3rd period - Snap shot by Mikael Backlund.
15:19 of 3rd period - Stopped by Frederik Andersen with a rebound.
15:21 of 3rd period - Wrist shot by Derek Forbort.
15:21 of 3rd period - Stopped by Frederik Andersen with a rebound.
15:27 of 3rd period - Slapshot by Alex Galchenyuk.
15:27 of 3rd period - Shot Misses the Net.
15:29 of 3rd period - Slapshot by Mikael Backlund.
15:29 of 3rd period - Goal by Mikael Backlund - Carolina Hurricanes : 3 - New York Islanders : 2.
15:30 of 3rd period - Nick Foligno wins face-off versus Jordan Staal in neutral zone.
15:30 of 3rd period - Kyle Okposo is hit by Derek Ryan.
15:38 of 3rd period - Snap shot by Nick Foligno.
15:38 of 3rd period - Shot Misses the Net.
15:42 of 3rd period - Wrist shot by Nick Foligno.
15:42 of 3rd period - Shot Misses the Net.
16:00 of 3rd period - Off-side.
16:01 of 3rd period - Casey Cizikas wins face-off versus Tanner Fritz in neutral zone.
16:25 of 3rd period - Kevin Shattenkirk is hit by Casey Cizikas and loses puck.
16:35 of 3rd period - Icing by Kevin Shattenkirk.
16:36 of 3rd period - Jordan Staal wins face-off versus Tanner Fritz in New York Islanders zone.
16:41 of 3rd period - Snap shot by Jeff Skinner.
16:41 of 3rd period - Stopped by Martin Jones without a rebound.
16:42 of 3rd period - Nick Foligno wins face-off versus Jordan Staal in New York Islanders zone.
16:49 of 3rd period - Snap shot by Kyle Okposo.
16:49 of 3rd period - Stopped by Frederik Andersen without a rebound.
16:50 of 3rd period - Nick Foligno wins face-off versus Jordan Staal in Carolina Hurricanes zone.
16:51 of 3rd period - Wrist shot by Sven Baertschi.
16:51 of 3rd period - Shot Misses the Net.
16:57 of 3rd period - Wrist shot by Jeff Skinner.
16:57 of 3rd period - Stopped by Martin Jones without a rebound.
16:58 of 3rd period - Jordan Staal wins face-off versus Nick Foligno in New York Islanders zone.
18:04 of 3rd period - Snap shot by Jeff Skinner.
18:04 of 3rd period - Shot Blocked by Derek Forbort.
18:06 of 3rd period - Slapshot by Jaccob Slavin.
18:06 of 3rd period - Deflect By Jordan Staal.
18:06 of 3rd period - Shot Misses the Net.
18:06 of 3rd period - Puck is out of play.
18:07 of 3rd period - Phillip Di Giuseppe wins face-off versus Casey Cizikas in New York Islanders zone.
18:18 of 3rd period - Slapshot by Braydon Coburn.
18:18 of 3rd period - Shot Misses the Net.
18:34 of 3rd period - Wrist shot by Taylor Hall.
18:34 of 3rd period - Shot Misses the Net.
18:36 of 3rd period - Snap shot by Jaccob Slavin.
18:36 of 3rd period - Stopped by Martin Jones without a rebound.
18:37 of 3rd period - Bryan Little wins face-off versus Elias Lindholm in New York Islanders zone.
18:37 of 3rd period - Bryan Little is hit by Elias Lindholm.
19:01 of 3rd period - Backhand shot by Elias Lindholm.
19:01 of 3rd period - Shot Blocked by Kevin Shattenkirk.
19:03 of 3rd period - Snap shot by Michael Grabner.
19:03 of 3rd period - Goal by Michael Grabner - Carolina Hurricanes : 4 - New York Islanders : 2.
19:04 of 3rd period - Jordan Staal wins face-off versus Sven Baertschi in neutral zone.
19:09 of 3rd period - Slapshot by Jeff Skinner.
19:09 of 3rd period - Stopped by Martin Jones with a rebound.
19:11 of 3rd period - Slapshot by Jaccob Slavin.
19:11 of 3rd period - Stopped by Martin Jones without a rebound.
19:12 of 3rd period - Jordan Staal wins face-off versus Nick Foligno in New York Islanders zone.
19:18 of 3rd period - Slapshot by Jaccob Slavin.
19:18 of 3rd period - Deflect By Jordan Staal.
19:18 of 3rd period - Shot Blocked by Oliver Ekman-Larsson.
19:18 of 3rd period - Puck is out of play.
19:19 of 3rd period - Nick Foligno wins face-off versus Casey Cizikas in New York Islanders zone.
19:19 of 3rd period - Nick Foligno is hit by Daniel Winnik.
19:45 of 3rd period - Nikolay Kulemin is hit by Erik Johnson and loses puck.
Goals for this period are 1 for Carolina Hurricanes vs 1 for New York Islanders.
Shots for this period are 11 for Carolina Hurricanes vs 13 for New York Islanders.